 Dungeon Crawl Stone Soup version 0.27-a0-396-g03f4e8edb7 (webtiles) character file.

Game seed: 8056314377304304969

45 Morbidden the Sneak (level 3, 0/27 HPs)
             Began as a Demonspawn Brigand on Feb 21, 2021.
             Slain by an adder (3 damage)
             ... on level 2 of the Dungeon.
             The game lasted 00:01:35 (1310 turns).

Morbidden the Sneak (Demonspawn Brigand)            Turns: 1310, Time: 00:01:36

Health: 0/27       AC:  3    Str:  9    XL:     3   Next: 42%
Magic:  3/3        EV: 12    Int: 13    God:
Gold:   61         SH:  0    Dex: 16    Spells: 2/2 levels left

rFire    . . .     SeeInvis .   a - +2 dagger
rCold    . . .     Faith    .   (no shield)
rNeg     . . .     Spirit   .   b - +0 robe
rPois    .         Reflect  .   (helmet restricted)
rElec    .         Harm     .   c - +0 cloak
rCorr    .         Rampage  .   (no gloves)
Will     .....                  (no boots)
Stlth    +++.......             (no amulet)
HPRegen  0.09/turn              (no ring)
MPRegen  0.16/turn              (no ring)

@: no status effects
A: antennae 1, agile 1, weak 1, magic regeneration
a: no special abilities


You were on level 2 of the Dungeon.
You visited 1 branch of the dungeon, and saw 2 of its levels.

You collected 61 gold pieces.

Inventory:

Hand Weapons
 a - a +2 dagger (weapon)
Missiles
 d - 14 poisoned darts (quivered)
 e - 2 curare-tipped darts
Armour
 b - a +0 robe (worn)
 c - a +0 cloak (worn)
Jewellery
 o - a +6 ring of intelligence {unknown}
Scrolls
 f - a scroll of magic mapping {unknown}
 g - a scroll of enchant weapon {unknown}
 h - a scroll of identify {unknown}
 l - a scroll of fear {unknown}
Potions
 j - a potion of heal wounds {unknown}
 k - a potion of curing
 m - a potion of brilliance {unknown}
 n - a potion of invisibility {unknown}


   Skills:
 * Level 2.2 Fighting
 + Level 2.1 Short Blades
 + Level 1.8 Throwing
 * Level 1.6 Dodging
 + Level 4.2 Stealth


You had 2 spell levels left.
You didn't know any spells.
Your spell library was empty.

Dungeon Overview and Level Annotations

Branches:
Dungeon (2/15)

Altars:


Innate Abilities, Weirdness & Mutations

You regenerate magic rapidly.
You have a pair of small antennae on your head.
You are agile. (Dex +2)
You are weak. (Str -2)


Message History

It was a potion of mutation.
You feel extremely strange.
Your system partially rejects the healing effects of potions.
You feel resistant to cold. A pair of antennae grows on your head!
The adder bites you.
* * * LOW HITPOINT WARNING * * *
The goblin hits you with a +0 vampiric dagger.
* * * LOW HITPOINT WARNING * * *
Okay, then.
It was a potion of curing.
Your system partially rejects the healing.
You feel better. The adder bites you.
* * * LOW HITPOINT WARNING * * *
You are poisoned.
The adder poisons you! The adder bites you.
* * * LOW HITPOINT WARNING * * *
You are lethally poisoned!
The adder poisons you! The goblin hits you but does no damage.
Your system partially rejects the healing.
You feel better. The adder bites you.
The goblin hits you with a +0 vampiric dagger.
* * * LOW HITPOINT WARNING * * *
Unknown command.
Unknown command.
Unknown command.
Really quaff the potion of mutation? [Y]es or [N]o only, please.
Really quaff the potion of mutation?
You feel extremely strange.
Your system completely accepts the healing effects of potions.
You no longer feel cold resistant.
You feel weaker.
You feel agile. The adder bites you.
* * * LOW HITPOINT WARNING * * *
The goblin closely misses you.
Unknown command.
Unknown command.
Are you sure you want to abandon this character and quit the game? (Confirm with "yes".)
Okay, then.
Unknown command.
You hit the goblin but do no damage. The adder bites you.
You die...

#... #..[########
##...#......#
##....#......#
......#......#
#..........#
#...†...#########
####.##.........#
#....####@......#
#.#.## #gS.....#
.. ... ........#
..# ...##
###......# ..
..^.. ....... .
##.### #.####. ..
.. ..# .$. ####
#...


You could see an adder and a goblin.

Vanquished Creatures
  An adder (D:2)
  An ooze (D:2)
  A dart slug (D:1)
  A leopard gecko (D:1)
  5 goblins
  3 hobgoblins (D:1)
  2 jackals (D:1)
  2 ball pythons (D:1)
  4 bats (D:1)
  2 frilled lizards (D:1)
  4 kobolds (D:1)
  2 rats
28 creatures vanquished.

Notes
Turn   | Place    | Note
-------+----------+-------------------------------------------
     0 | D:1      | Morbidden the Demonspawn Brigand began the quest for the
                  | Orb.
     0 | D:1      | Reached XP level 1. HP: 16/16 MP: 1/1
   106 | D:1      | Reached skill level 1 in Dodging
   125 | D:1      | Gained mutation: You regenerate magic rapidly. [demonic
                  | ancestry]
   125 | D:1      | Reached XP level 2. HP: 15/22 MP: 2/2
   436 | D:1      | Reached skill level 4 in Stealth
   935 | D:2      | Reached XP level 3. HP: 27/27 MP: 3/3
  1306 | D:2      | Gained mutation: Potions are less effective at restoring
                  | your health. [potion of mutation]
  1306 | D:2      | Gained mutation: Your flesh is cold resistant. (rC+)
                  | [potion of mutation]
  1306 | D:2      | Gained mutation: You have a pair of small antennae on your
                  | head. [potion of mutation]
  1309 | D:2      | Lost mutation: Potions are less effective at restoring your
                  | health. [potion of mutation]
  1309 | D:2      | Lost mutation: Your flesh is cold resistant. (rC+) [potion
                  | of mutation]
  1309 | D:2      | Gained mutation: You are weak. (Str -2) [potion of
                  | mutation]
  1309 | D:2      | Gained mutation: You are agile. (Dex +2) [potion of
                  | mutation]
  1310 | D:2      | Slain by an adder

Illustrated notes

Levels and vault maps discovered:
D:1:      erik_arrival_orb_chamber, layout_rooms, st_stairs_13
D:2:      layout_rooms, ashenzari_altar_1, yredelemnul_forgotten_temple_becter

Skill      XL: |  1  2 |
---------------+-------+-----
Dodging        | 1 |  1.6
Short Blades   | 2 |  2.1
Stealth        | 4 |  4.2
Fighting       | |  2.2
Throwing       | |  1.8

Action                   || total
-------------------------++-------
Melee: Dagger            ||    96
Throw: Dart              ||     9
  Use: Potion            ||     4
 Stab: Sleeping          ||     4
Armor: Robe              ||    27
Dodge: Dodged            ||    81

Table legend: (Time is in decaauts)
 A = Elapsed time spent in this place.
 B = Non-inter-level travel time spent in this place.
 C = Inter-level travel time spent in this place.
 D = Time resting spent in this place.
 E = Time spent auto-exploring this place.
 F = Levels seen in this place.
 G = Mean time per level.
                   A        B        C        D        E       F      G
               +--------+--------+--------+--------+--------+-----+--------+
         Total |   1300 |   1287 |     13 |    464 |    612 |   2 |  650.0 |
       Dungeon |   1300 |   1287 |     13 |    464 |    612 |   2 |  650.0 |
               +--------+--------+--------+--------+--------+-----+--------+

Top non-repeatable levels by time:
     D:1: 1156 daAuts
     D:2: 143 daAuts
